 Dungeon Crawl Stone Soup version 0.27.1-2-g3b301248ec (webtiles) character file.

Game seed: 4002831703675766551

4 MisterFreud the Ducker (level 1, 0/10 HPs)
             Began as a Felid Berserker on Sept 26, 2021.
             Was a Follower of Trog.
             Slain by a quokka (5 damage)
             ... on level 1 of the Dungeon.
             The game lasted 00:00:19 (99 turns).

MisterFreud the Ducker (Felid Berserker)              Turns: 99, Time: 00:00:19

Health: 0/10       AC:  1    Str: 13    XL:     1   Next: 58%
Magic:  2/2        EV: 18    Int:  8    God:    Trog [*.....]
Gold:   0          SH:  0    Dex: 15    Spells: 0/0 levels left
                                        Lives:  0   Deaths: 0

rFire    . . .     SeeInvis +     - Unarmed
rCold    . . .     Faith    .   (shield unavailable)
rNeg     . . .     Spirit   .   (armour unavailable)
rPois    .         Reflect  .   (helmet unavailable)
rElec    .         Harm     .   (cloak unavailable)
rCorr    .         Rampage  .   (gloves unavailable)
Will     .....                  (boots unavailable)
Stlth    ++........             (no amulet)
HPRegen  0.03/turn              (no ring)
MPRegen  0.08/turn              (no ring)

@: quick
A: very small, claws 1, fangs 3, see invisible, speed 1, shaggy fur 1, stealthy
paws, no weapons or thrown items, no armour, multi-lived
a: Renounce Religion, Berserk


You were on level 1 of the Dungeon.
You worshipped Trog.
Trog was aware of your devotion.
You visited 1 branch of the dungeon, and saw 1 of its levels.

You aren't carrying anything.


   Skills:
 - Level 3.0 Fighting
 - Level 4.0 Dodging
 + Level 1.2 Stealth
 + Level 3.1 Unarmed Combat


You couldn't memorise any spells.
You didn't know any spells.
Your spell library was empty.

Dungeon Overview and Level Annotations

Branches:
Dungeon (1/15)

Altars:


Innate Abilities, Weirdness & Mutations

You have sharp claws.
You have razor-sharp teeth.
You have supernaturally acute eyesight. (SInv)
You cover ground quickly. (Speed+)
You are covered in fur. (AC +1)
Your paws help you pounce on unaware monsters.
You are incapable of wielding weapons or throwing items.
You cannot wear armour.
You gain extra lives every three experience levels.


Message History

Your Stealth skill increases to level 1!
You see here a giant cockroach corpse.
A frilled lizard comes into view.
The frilled lizard hisses angrily.
A frilled lizard is nearby!
A frilled lizard is nearby!
You barely miss the frilled lizard. You bite the frilled lizard.
You kill the frilled lizard!
Trog accepts your kill.
No target in view!
A quokka comes into view.
A quokka is nearby!
A quokka is nearby!
You barely miss the quokka. The quokka closely misses you.
You scratch the quokka.
The quokka is moderately wounded.
The quokka misses you.
A quokka is nearby!
You miss the quokka.
The quokka is moderately wounded.
The quokka misses you. The quokka closely misses you.
A quokka is nearby!
You completely miss the quokka.
The quokka is moderately wounded.
The quokka bites you.
A quokka is nearby!
You barely miss the quokka. Your bite misses the quokka.
The quokka is moderately wounded.
The quokka barely misses you.
A quokka is nearby!
You closely miss the quokka. Your bite misses the quokka.
The quokka is moderately wounded.
The quokka bites you.
You are too injured to fight recklessly!
You are too injured to fight recklessly!
You scratch the quokka.
The quokka is heavily wounded.
The quokka bites you.
Ouch! That really hurt!
You die...

########### #.........#
#.#######.#
#.#######.############
#.##...##.......@....#
#.##)......######r##....
#.##...##.## ..# #
#.###.###.# ...#
#.###.###.# ..##
#.........# .##
#.†......## .#
#.###.##.# .# #.# #.##.#
#+##


You could see a quokka.

Vanquished Creatures
  2 giant cockroaches (D:1)
  A hobgoblin (D:1)
  A frilled lizard (D:1)
4 creatures vanquished.

Notes
Turn   | Place    | Note
-------+----------+-------------------------------------------
     0 | D:1      | MisterFreud the Felid Berserker began the quest for the
                  | Orb.
     0 | D:1      | Reached XP level 1. HP: 10/10 MP: 2/2
    64 | D:1      | Reached skill level 1 in Stealth
    99 | D:1      | Slain by a quokka

Illustrated notes

Levels and vault maps discovered:
D:1:      wander_arrival_estate, layout_loops_corners,
          chequers_serial_rivers_room_b, minmay_quantized

Skill      XL: |  1 |
---------------+----+-----
Stealth        | 1 |  1.2
Fighting       | |  3.0
Dodging        | |  4.0
Unarmed Combat | |  3.1

Action                   || total
-------------------------++-------
Melee: Unarmed           ||    17
       Bite              ||     1
 Stab: Sleeping          ||     1
Dodge: Dodged            ||    11
